 Dungeon Crawl Stone Soup version 0.18-a0-917-g8a3da5b (webtiles) character file.

1063 George the Twirler (level 8, -3/49 HPs)
             Began as a Gargoyle Gladiator on Dec 26, 2015.
             Was a Follower of Okawaru.
             Slain by an ogre
             ... wielding a +0 giant spiked club
              (28 damage)
             ... on level 6 of the Dungeon.
             The game lasted 00:10:13 (4497 turns).

George the Twirler (Gargoyle Gladiator)             Turns: 4497, Time: 00:10:13

Health: -3/49      AC: 19    Str: 18    XL:     8   Next: 27%
Magic:  19/19      EV:  8    Int: 12    God:    Okawaru [*.....]
Gold:   301        SH:  0    Dex: 10    Spells: 0 memorised, 7 levels left

rFire  . . .     SeeInvis .     v - +4 quarterstaff (chaos)
rCold  . . .     Gourm    .     s - +0 chain mail
rNeg   + . .     Faith    .     (shield currently unavailable)
rPois  ∞         Spirit   .     c - +1 helmet
rElec  +         Dismiss  .     w - +0 cloak
rCorr  .         Reflect  .     p - +0 pair of gloves
SustAt .         Harm     .     (no boots)
MR     .....                    (no amulet)
Stlth  ..........               (no ring)
                                q - ring of magical power

@: not resistant to hostile enchantments, extremely unstealthy
A: negative energy resistance 1, electricity resistance, unbreathing,
petrification resistance, rot immunity, AC +5
a: Heroism, Renounce Religion


You were on level 6 of the Dungeon.
You worshipped Okawaru.
Okawaru was aware of your devotion.
You were not hungry.

You visited 2 branches of the dungeon, and saw 7 of its levels.

You collected 301 gold pieces.

Inventory:

Hand Weapons
 v - a +4 quarterstaff of chaos (weapon)
Missiles
 d - 3 throwing nets (quivered)
Armour
 c - a +1 helmet (worn)
 p - a +0 pair of gloves (worn)
 s - a +0 chain mail (worn)
 w - a +0 cloak (worn)
Magical Staves
 D - an uncursed staff of earth
Jewellery
 q - a ring of magical power (left hand)
 I - an uncursed ring of positive energy {unknown}
Scrolls
 m - a scroll of fog
 n - 3 scrolls of enchant armour
 t - 2 scrolls of remove curse
Potions
 e - 2 potions of brilliance
 h - 2 potions of heal wounds
 l - 3 potions of haste
 r - a potion of might
 z - a potion of mutation
 B - a potion of cancellation
 C - a potion of flight {unknown}
 G - a potion of agility {unknown}
 H - 2 potions of curing {unknown}
Books
 F - a book of the Earth

   Spells                             Type                      Level
   a - Leda's Liquefaction            Hexes/Earth                  4
   b - Bolt of Magma                  Conjuration/Fire/Earth       5
   c - Statue Form                    Transmutation/Earth          6
   d - Iron Shot                      Conjuration/Earth            6
   e - Shatter                        Earth                        9
Comestibles
 f - 5 bread rations
 j - 10 fruits
 k - 6 meat rations


   Skills:
 + Level 5.2 Fighting
 + Level 6.8 Staves
 - Level 1.7 Throwing
 + Level 4.6 Armour
 - Level 2.4 Dodging
 + Level 3.6 Invocations


You had 7 spell levels left.
You didn't know any spells.

Dungeon Overview and Level Annotations

Branches:
Dungeon (6/15)             Temple (1/1) D:4

Altars:
Ashenzari
Cheibriados
Dithmenos
Elyvilon
Fedhas
Gozag
Kikubaaqudgha
Makhleb
Nemelex Xobeh
Okawaru
Pakellas
Qazlal
Ru
Sif Muna
Trog
Vehumet
Xom
Yredelemnul
Zin
The Shining One


Innate Abilities, Weirdness & Mutations

You are resistant to torment.
Your stone body is resilient (AC +5).
You are immune to poison.
You resist negative energy.
You are resistant to electric shocks.
You can survive without breathing.
You are immune to petrification.
You are immune to rotting.


Message History

You kill the wyvern!
Okawaru accepts your kill.
No target in view!
You see here a wyvern corpse.
You butcher the wyvern corpse.
J - a chunk of flesh Eating a chunk of flesh.
This raw flesh tastes terrible.
You continue eating. x2
e - 2 potions of brilliance (gained 1)
An ogre comes into view. It is wielding a giant spiked club.
The ogre shouts!
The ogre closely misses you.
Your chain mail prevents you from hitting the ogre.
You completely miss the ogre.
The ogre hits you with a giant spiked club!!
You hit the ogre.
The ogre goes berserk!
The ogre is lightly wounded.
The ogre hits you with a giant spiked club!!
Ouch! That really hurt!
You die...

### #.#
##########.#
......O@...#
.#########.#
#.....# #.
#.##### #.#
###.#########
#.#
#...........#
#.#
#...........#
#.#
#...........#
#.### ..
#...........#
#....


You could see an ogre (berserk).

Vanquished Creatures
  Sigmund (D:5)
  A wyvern (D:6)
  An ogre (D:6)
  3 giant frogs
  A hound (D:4)
  2 centaur skeletons
  Terence (D:2)
  An orc wizard (D:3)
  3 worker ants
  Crazy Yiuf (D:3)
  An iguana (D:5)
  Robin (D:2)
  4 adders
  3 gnolls (D:3)
  A shadow imp (D:5)
  An ooze (D:1)
  An adder skeleton (D:5)
  2 worms
  15 orcs (D:3)
  A ball python (D:3)
  4 giant cockroaches
  16 hobgoblins
  6 jackals
  6 kobolds
  2 quokkas
  8 bats
  5 giant geckos
  A giant gecko skeleton (D:4)
  5 giant newts
  13 goblins
  A jackal skeleton (D:4)
  10 rats
122 creatures vanquished.

Notes
Turn   | Place    | Note
--------------------------------------------------------------
     0 | D:1      | George the Gargoyle Gladiator began the quest for the Orb.
     0 | D:1      | Reached XP level 1. HP: 12/12 MP: 1/1
   155 | D:1      | Reached XP level 2. HP: 14/17 MP: 2/2
   399 | D:1      | Reached skill level 4 in Staves
   542 | D:1      | Reached XP level 3. HP: 18/21 MP: 3/3
   810 | D:2      | Noticed Robin
   849 | D:2      | Killed Robin
   850 | D:2      | Reached XP level 4. HP: 7/26 MP: 4/4
  1228 | D:2      | Noticed Terence
  1250 | D:2      | Killed Terence
  1250 | D:2      | Reached skill level 5 in Staves
  1725 | D:3      | Reached XP level 5. HP: 31/31 MP: 5/5
  1796 | D:3      | Noticed Crazy Yiuf
  1803 | D:3      | Killed Crazy Yiuf
  2060 | D:3      | Reached skill level 1 in Armour
  2340 | D:3      | Reached XP level 6. HP: 37/37 MP: 6/6
  2485 | D:4      | Found a staircase to the Ecumenical Temple.
  2537 | Temple   | Entered the Ecumenical Temple
  2596 | Temple   | Became a worshipper of Warmaster Okawaru
  2874 | D:4      | Found a bloodstained altar of Trog.
  2875 | D:4      | Found an opulent altar of Gozag.
  3021 | D:5      | Entered Level 5 of the Dungeon
  3211 | D:5      | Noticed Sigmund
  3230 | D:5      | Killed Sigmund
  3230 | D:5      | Reached skill level 6 in Staves
  3230 | D:5      | Reached skill level 1 in Invocations
  3230 | D:5      | Reached XP level 7. HP: 43/43 MP: 8/8
  4014 | D:5      | Got a slimy robe
  4037 | D:5      | Identified the +2 robe of the Moon {rElec rN+++ MP+9 Slay-4} (You found it on level 5 of the Dungeon)
  4062 | D:6      | Reached * piety under Okawaru
  4363 | D:6      | Reached XP level 8. HP: 48/48 MP: 10/10
  4431 | D:6      | Reached skill level 5 in Fighting
  4497 | D:6      | Slain by an ogre

Vault maps used:
D:1:      lightli_arrival_quake
D:2:      first_bread, uniq_robin, uniq_terence
D:3:      uniq_crazy_yiuf_cottage
D:4:      gammafunk_temple_overflow_pools, temple_hall
D:5:      uniq_sigmund
D:6:      minmay_door_square, lemuel_oklob_altar
Temple:   grunt_circular_temple_18

Action                   |  1- 3 |  4- 6 |  7- 9 || total
-------------------------+-------+-------+-------++-------
Melee: Quarterstaff      |    99 |   232 |    48 ||   379
  Use: Scroll            |       |       |    14 ||    14
 Stab: Confused          |       |     1 |       ||     1
  Eat: Chunk             |       |     8 |     4 ||    12
